 Dungeon Crawl Stone Soup version 0.29.0-10-g45618ea6d2 (webtiles) character file.

Game seed: 14182555294788261633

44 SensoryNuts the Trooper (level 3, 0/29 HPs)
             Began as a Demonspawn Fighter on Sept 2, 2022.
             Slain by a goblin
             ... wielding a +0 club
             ... led by Robin
              (2 damage)
             ... on level 2 of the Dungeon.
             The game lasted 00:00:53 (1444 turns).

SensoryNuts the Trooper (Demonspawn Fighter)        Turns: 1444, Time: 00:00:54

Health: 0/29       AC:  6    Str: 14    XL:     3   Next: 41%
Magic:  3/3        EV:  8    Int:  9    God:
Gold:   64         SH:  5    Dex: 16    Spells: 2/2 levels left

rFire   . . .      SeeInvis .   a - +0 long sword
rCold   . . .      Faith    .   c - +0 buckler
rNeg    . . .      Spirit   .   b - +0 scale mail
rPois   .          Reflect  .   (no helmet)
rElec   .          Harm     .   (no cloak)
rCorr   .          Rampage  .   (no gloves)
Will    .....                   (no boots)
Stlth   +.........              (no amulet)
HPRegen 0.09/turn               (no ring)
MPRegen 0.08/turn               (no ring)

@: mighty
A: claws 1, thin skeletal structure 1, weak 1
a: no special abilities


You were on level 2 of the Dungeon.
You visited 1 branch of the dungeon, and saw 2 of its levels.

You collected 64 gold pieces.

Inventory:

Hand Weapons
 a - a +0 long sword (weapon)
Armour
 b - a +0 scale mail (worn)
 c - a +0 buckler (worn)
Scrolls
 f - a scroll of blinking {unknown}
 g - 5 scrolls of identify {unknown}
Potions
 h - a potion of degeneration {unknown}


   Skills:
 + Level 3.3 Fighting
 * Level 2.7 Long Blades
 + Level 2.9 Armour
 + Level 3.0 Shields


You had 2 spell levels left.
You didn't know any spells.
Your spell library was empty.

Dungeon Overview and Level Annotations

Branches:
Dungeon (2/15)

Altars:

Annotations:
D:2 Robin


Innate Abilities, Weirdness & Mutations

You have sharp fingernails.
You have a somewhat thin skeletal structure. (Dex +2, Stealth+)
You are weak. (Str -2)


Message History

Robin roars a battlecry!
The goblins go into a battle-frenzy!
You slash the goblin!
You kill the goblin!
The goblin barely misses you.
You barely miss the goblin.
The goblin no longer looks unusually strong. x2
The goblin hits you but does no damage. The goblin hits you with a +0 club.
Robin roars a battlecry!
The goblins go into a battle-frenzy!
You slash the goblin!
You kill the goblin!
The goblin no longer looks unusually strong.
The hobgoblin no longer looks unusually strong.
The goblin hits you with a +0 club. You block the hobgoblin's attack.
You block the goblin's attack.
You barely miss the hobgoblin. The hobgoblin hits you.
The goblin hits you with a +0 club.
You slash the hobgoblin!
You kill the hobgoblin!
Robin throws the goblin at you! The goblin hits you but does no damage.
The goblin hits you with a +0 club.
You closely miss the goblin. The goblin hits you but does no damage.
The goblin hits you with a +0 club.
* * * LOW HITPOINT WARNING * * *
The goblin hits you but does no damage. The goblin hits you with a +0 club.
* * * LOW HITPOINT WARNING * * *
You slice the goblin!!
You kill the goblin!
The goblin hits you with a +0 club.
* * * LOW HITPOINT WARNING * * *
You barely miss the goblin.
Robin says, "My goblins will feast on your bones."
The goblin hits you but does no damage. The goblin closely misses you.
You barely miss the goblin. The goblin completely misses you.
The goblin hits you but does no damage.
It was a potion of mutation.
You feel extremely strange.
You feel stronger.
You feel weaker. x2
You block the goblin's attack. The goblin hits you with a +0 club.
You die...

#. #. #.# ###### #.## #.
#.# #....####..# #) #.#
#.......##.####. #.#
#....##..#....). #.#
#.............## ######.#
##....#.........
.#.....g###..####.......##
......ggg@g.## #.......#
.......###### #.......#
....... #.......# .......
#.....<.# .)....#
######### .#...# ####


You could see a hobgoblin (strong) and 4 goblins.

Vanquished Creatures
  An adder (D:2)
  A dart slug (D:2)
  A ball python (D:2)
  2 bats
  3 endoplasms
  A giant cockroach (D:1)
  7 goblins
  3 hobgoblins (D:2)
  2 quokkas (D:1)
  A frilled lizard (D:1)
  6 kobolds
  2 rats (D:2)
30 creatures vanquished.

Notes
Turn   | Place    | Note
-------+----------+-------------------------------------------
     0 | D:1      | SensoryNuts the Demonspawn Fighter began the quest for the
                  | Orb.
     0 | D:1      | Reached XP level 1. HP: 18/18 MP: 1/1
   184 | D:1      | You fall into a shaft and drop 1 floor!
   226 | D:2      | Identified the +5 whip "Huihat" {vorpal, rPois rC+ MP+9}
   242 | D:2      | Gained mutation: You have a somewhat thin skeletal
                  | structure. (Dex +2, Stealth+) [demonic ancestry]
   242 | D:2      | Reached XP level 2. HP: 9/24 MP: 2/2
   855 | D:1      | Found a faded altar of an unknown god.
   855 | D:1      | Noticed a Hell Sentinel
  1056 | D:1      | Gained mutation: You have sharp fingernails. [demonic
                  | ancestry]
  1056 | D:1      | Reached XP level 3. HP: 29/29 MP: 3/3
  1422 | D:2      | Noticed Robin
  1441 | D:2      | HP: 1/29 [goblin/+0 club[Robin] (2)]
  1444 | D:2      | Gained mutation: Your muscles are strong. (Str +4, Int/Dex
                  | -1) [potion of mutation]
  1444 | D:2      | Lost mutation: Your muscles are strong. (Str +4, Int/Dex
                  | -1) [potion of mutation]
  1444 | D:2      | Gained mutation: You are weak. (Str -2) [potion of
                  | mutation]
  1444 | D:2      | Slain by a goblin

Illustrated notes

Levels and vault maps discovered:
D:1:      mushboom_english_gardens, layout_basic,
          dreamdust_ecumenical_altar_sealed_demon, minivault_25,
          minmay_tetromino_o2
D:2:      layout_rooms, uniq_robin

Skill      XL: |  1  2 |
---------------+-------+-----
Long Blades    | 2 |  2.7
Shields        | 3 |  3.0
Fighting       | |  3.3
Armour         | |  2.9

Action                   || total
-------------------------++-------
Melee: Long sword        ||    76
  Use: Potion            ||     2
Armor: Scale mail        ||    50
Dodge: Dodged            ||    37
Block: Buckler           ||    22
